cohdb
Replays
Latest Replays
All Replays
Popular Replays
Top Player Replays
Match Explorer
How It Works
Community
CoH3 Stats
Reddit
Sign in to upload your games and track your stats! →
Sign in with Steam
Match 22442401
Unlisted
Match 22442401
Overview
Messages
Build Orders
End
Construct Barracks
Selects Advanced Infantry Battlegroup
Riflemen Squad
Riflemen Squad
M1 Mortar Team
Infantry Support Center
Selects Artillery Observers
Riflemen Squad
Construct Motor Pool
Selects Convert to Ranger Squad
Selects Frontline Medical Station
Grenade Package
M1 Anti-tank Gun Team
Captain Retinue
M1918 Browning Automatic Rifles
Munitions Surplus
M1 Anti-tank Gun Team
Selects Infantry Assault
Frontline Medical Station
Dodo
Heywooo
kuzu1
kerem
0
0
Comments
sign in to comment!
No comments posted yet!